 Dungeon Crawl Stone Soup version 0.29.0-7-g18a832c13a (webtiles) character file.

Game seed: 15700454293230959950

1359 RascalDebosk the Trooper (level 8, -1/84 HPs)
             Began as an Ogre Fighter on Aug 29, 2022.
             Was a Plaything of Xom.
             Succumbed to a water moccasin's poison
             ... on level 6 of the Dungeon on Aug 30, 2022.
             The game lasted 00:36:21 (3415 turns).

RascalDebosk the Trooper (Ogre Fighter)             Turns: 3415, Time: 00:36:22

Health: -1/84      AC:  7    Str: 21      XL:     8   Next: 64%
Magic:  14/14      EV:  9    Int: 10 (11) God:    Xom [..*...]
Gold:   210        SH:  9    Dex:  8      Spells: 15/15 levels left

rFire   . . .      SeeInvis .   a - +0 war axe
rCold   . . .      Faith    .   c - +1 kite shield
rNeg    + . .      Spirit   .   b - +0 robe
rPois   .          Reflect  .   (helmet restricted)
rElec   .          Harm     .   (no cloak)
rCorr   .          Rampage  .   (gloves unavailable)
Will    .....                   (boots unavailable)
Stlth   +.........              g - amulet of regeneration
HPRegen 1.04/turn               f - +4 ring of protection
MPRegen 0.14/turn               m - ring of positive energy

@: lethally poisoned (-1 -> -7)
A: large, unfitting armour, tough skin 1
a: Renounce Religion


You were on level 6 of the Dungeon.
You worshipped Xom.
You were a toy of Xom.
You visited 2 branches of the dungeon, and saw 6 of its levels.

You collected 210 gold pieces.

Inventory:

Hand Weapons
 a - a +0 war axe (weapon)
 p - the +8 trident of Uncomfortable Rashes {antimagic, *Noise rC++ Will+ Str+3}
   (You found it on level 4 of the Dungeon)

   It reduces the magical energy of the wielder, and disrupts the spells and
   magical abilities of those it strikes.
   Natural abilities and divine invocations are not affected.
   Str:       It affects your strength (+3).
   rC:        It greatly protects you from cold.
   *Noise:    It may make noises in combat.
   Will:      It increases your willpower.
 u - a +0 vorpal hand axe
Missiles
 i - 6 poisoned darts (quivered)
Armour
 b - a +0 robe (worn)
 c - a +1 kite shield (worn)
Jewellery
 f - a +4 ring of protection (left hand)
 g - an amulet of regeneration (around neck)
 m - a ring of positive energy (right hand)
Wands
 n - a wand of polymorph (8)
Scrolls
 e - 3 scrolls of teleportation
 j - a scroll of butterflies
 o - a scroll of silence
 s - a scroll of immolation
Potions
 d - 3 potions of might
 h - 2 potions of degeneration {unknown}
 k - a potion of haste
 l - 4 potions of curing
 t - a potion of ambrosia {unknown}
 v - a potion of brilliance {unknown}


   Skills:
 + Level 6.9 Fighting
 + Level 4.6 Axes
 + Level 4.0 Throwing
 + Level 4.6 Dodging
 + Level 5.1 Shields
 + Level 4.1 Spellcasting


You had 15 spell levels left.
You didn't know any spells.
Your spell library was empty.

Dungeon Overview and Level Annotations

Branches:
Dungeon (6/15)             Temple (1/1) D:4

Altars:
Ashenzari
Cheibriados
Dithmenos
Elyvilon
Fedhas
Kikubaaqudgha
Makhleb
Nemelex Xobeh
Okawaru
Qazlal
Trog
Uskayaw
Xom
Yredelemnul
Zin
The Shining One

Shops:
D:1 (

Annotations:
D:5 2 runed translucent doors, Buttons840's ghost, amateur HOMo


Innate Abilities, Weirdness & Mutations

You are too large for most types of armour.
You have tough skin. (AC +1)


Message History

You hit the water moccasin.
The water moccasin is severely wounded.
You feel sick. You block the water moccasin's attack.
The water moccasin barely misses you.
You closely miss the water moccasin.
The water moccasin is severely wounded.
You feel sick. The water moccasin bites you. x2
You are more poisoned.
The water moccasin poisons you!
You barely miss the water moccasin.
The water moccasin is severely wounded.
You feel very sick.
The water moccasin bites you but does no damage.
The water moccasin barely misses you.
You slash the water moccasin!
The water moccasin is almost dead.
You feel very sick.
The water moccasin completely misses you.
The water moccasin bites you!
* * * LOW HITPOINT WARNING * * *
You barely miss the water moccasin.
The water moccasin is almost dead.
You feel very sick.
You block the water moccasin's attack. x2
You miss the water moccasin.
The water moccasin is almost dead.
You feel sick. The water moccasin bites you.
* * * LOW HITPOINT WARNING * * *
You are more poisoned.
The water moccasin poisons you! You block the water moccasin's attack.
You barely miss the water moccasin.
The water moccasin is almost dead.
* * * LOW HITPOINT WARNING * * *
You feel very sick. The water moccasin closely misses you.
The water moccasin bites you.
* * * LOW HITPOINT WARNING * * *
You miss the water moccasin.
The water moccasin is almost dead.
You die...
Xom howls with laughter!

#########
#.<.....#
######.#####.#
#....@.#
$......S.#
###.###..# #
#..# #...
#.### .#. # #


You could see a water moccasin.

Vanquished Creatures
  A black bear (D:5)
  2 ice beasts (D:5)
  A centaur (D:5)
  A necrophage (D:5)
  A scorpion (D:5)
  A hound (D:5)
  A jelly (D:5)
  2 iguanas
  2 orc wizards (D:4)
  3 gnolls (D:5)
  2 adders (D:4)
  An ufetubus (D:5)
  2 worms
  9 orcs
  2 bats (D:1)
  2 bat zombies (D:4)
  4 giant cockroaches
  A hobgoblin (D:4)
  4 jackals (D:4)
  4 quokkas
  6 ball pythons
  2 frilled lizards
  5 goblins
  4 kobolds
  4 rats
  2 rat zombies (D:4)
69 creatures vanquished.

Vanquished Creatures (collateral kills)
  A two-headed ogre (D:5)
  An iguana (D:5)
2 creatures vanquished.

Vanquished Creatures (others)
  5 dream sheep (D:4)
  20 plants (D:4)
25 creatures vanquished.

Grand Total: 96 creatures vanquished

Notes
Turn   | Place    | Note
-------+----------+-------------------------------------------
     0 | D:1      | RascalDebosk the Ogre Fighter began the quest for the Orb.
     0 | D:1      | Reached XP level 1. HP: 24/24 MP: 1/1
   188 | D:1      | Reached XP level 2. HP: 32/32 MP: 2/2
   369 | D:1      | Found Duiheg's Antique Weapon Boutique.
   644 | D:2      | Reached XP level 3. HP: 39/39 MP: 3/3
   851 | D:2      | You fall into a shaft and drop 2 floors!
   888 | D:4      | Identified a scroll of acquirement
   888 | D:4      | Acquired an amulet of regeneration
   898 | D:4      | Reached skill level 1 in Throwing
   901 | D:4      | Reached XP level 4. HP: 49/49 MP: 3/5
   905 | D:4      | Upgraded the game from 0.29.0-5-ge4962eb29e to
                  | 0.29.0-7-g18a832c13a
   949 | D:4      | Reached skill level 1 in Spellcasting
  1001 | D:4      | Identified the +8 trident of Uncomfortable Rashes
                  | {antimagic, *Noise rC++ Will+ Str+3}
  1082 | D:4      | Found a glowing golden altar of the Shining One.
  1116 | D:4      | Reached XP level 5. HP: 36/55 MP: 5/7
  1164 | D:4      | Found a staircase to the Ecumenical Temple.
  1304 | Temple   | Entered the Ecumenical Temple
  1600 | D:4      | Noticed a dream sheep
  1600 | D:4      | Noticed a dream sheep
  1600 | D:4      | Noticed a dream sheep
  1600 | D:4      | Noticed a dream sheep
  1600 | D:4      | Noticed a dream sheep
  1600 | D:4      | Found a shimmering altar of Xom.
  1604 | D:4      | Killed a dream sheep
  1604 | D:4      | Killed a dream sheep
  1604 | D:4      | Killed a dream sheep
  1604 | D:4      | Killed a dream sheep
  1604 | D:4      | Killed a dream sheep
  1638 | D:4      | Became a worshipper of Xom of Chaos
  1653 | D:4      | Found a shadowy altar of Dithmenos.
  1820 | D:4      | Found a stormy altar of Qazlal.
  1903 | D:4      | Found an ancient bone altar of Kikubaaqudgha.
  1934 | D:5      | Entered Level 5 of the Dungeon
  1975 | D:5      | Noticed a black bear
  1987 | D:5      | Killed a black bear
  1988 | D:5      | Reached skill level 5 in Fighting
  1988 | D:5      | Reached XP level 6. HP: 43/66 MP: 7/9
  2038 | D:5      | Noticed an ice beast
  2052 | D:5      | Killed an ice beast
  2063 | D:5      | Found a large runed translucent door.
  2065 | D:5      | Found a large runed translucent door.
  2073 | D:5      | Noticed Buttons840's ghost (amateur HOMo)
  2081 | D:5      | XOM: silly message
  2103 | D:5      | Noticed an ice beast
  2116 | D:5      | Killed an ice beast
  2120 | D:5      | XOM: potion effect (brilliance)
  2134 | D:5      | Reached XP level 7. HP: 24/72 MP: 9/11
  2587 | D:5      | XOM: potion effect (invisibility)
  2589 | D:5      | XOM: polymorph shadow imp -> ufetubus
  2732 | D:5      | Reached skill level 6 in Fighting
  2732 | D:5      | Noticed a two-headed ogre
  2733 | D:5      | XOM: confuse monster(s)
  2736 | D:5      | XOM: confuse monster(s)
  2743 | D:5      | Killed a two-headed ogre
  2744 | D:5      | Reached skill level 5 in Shields
  2744 | D:5      | Reached XP level 8. HP: 81/84 MP: 11/14
  2777 | D:5      | XOM: summons 8 friendly demons
  2899 | D:5      | XOM: stat loss: -1 Int (10/11)
  3016 | D:5      | XOM: divination: detect creatures
  3068 | D:5      | Found a burning altar of Makhleb.
  3414 | D:6      | HP: 1/84 [water moccasin (6)]
  3415 | D:6      | Succumbed to a water moccasin's poison

Illustrated notes

Levels and vault maps discovered:
D:1:      lightli_arrival_isolated_outpost, layout_basic, serial_shops, shop,
          minmay_hexomino_p4
D:2:      layout_basic
D:4:      layout_rooms, lemuel_zombie_altar_kikubaaqudgha,
          mainiacjoe_overflow_small_starburst, kb_xom_exploding_sheep,
          kennysheep_little_box, mainiacjoe_overflow_chevrons,
          minmay_temple_entry_nine_rooms
D:5:      layout_loops_corners, nicolae_overflow_hidden_temple,
          ebering_ghost_disaster_area
D:6:      minmay_octagon_keep, layout_loops_ring, overflow_temple_1_default
Temple:   chequers_temple_sunken

Skill      XL: |  1  2  3  4  5  6  7  8 |
---------------+-------------------------+-----
Throwing       | 1 2 3 4 |  4.0
Dodging        | 3 4 |  4.6
Spellcasting   | 1 2 4 |  4.1
Fighting       | 5 6 |  6.9
Axes           | 3 4 |  4.6
Shields        | 4 5 |  5.1

Action                   |  1- 3 |  4- 6 |  7- 9 || total
-------------------------+-------+-------+-------++-------
Melee: War axe           |    85 |   140 |    92 ||   317
Throw: Dart              |       |     2 |       ||     2
Evoke: Wand              |       |       |     1 ||     1
  Use: Scroll            |     8 |       |     3 ||    11
       Potion            |       |     1 |       ||     1
 Stab: Invisible         |       |       |     2 ||     2
Armor: Robe              |    45 |    82 |    35 ||   162
Dodge: Dodged            |    33 |    38 |    37 ||   108
Block: Kite shield       |    37 |    73 |    44 ||   154
